 Dungeon Crawl Stone Soup version 0.30.1-11-g7821555f0a (webtiles) character file.

Game seed: 15116590359820807285

442 monsoonserge the Covered (level 6, 0/47 HPs)
             Began as a Demonspawn Warper on Jan 4, 2024.
             Shot with an arrow by a centaur (7 damage)
             ... on level 5 of the Dungeon.
             The game lasted 00:07:06 (2617 turns).

monsoonserge the Covered (Demonspawn Warper)        Turns: 2617, Time: 00:07:07

Health: 0/47       AC:  7    Str: 12    XL:     6   Next: 71%
Magic:  17/18      EV: 11    Int: 14    God:
Gold:   229        SH:  0    Dex: 14    Spells: 7/9 levels left

rFire   . . .        r - +1 short sword (elec)
rCold   . . .        (no shield)
rNeg    . . .        a - +0 ring mail
rPois   .            (no helmet)
rElec   .            (no cloak)
rCorr   .            (no gloves)
SInv    .            (no boots)
Will    .....        (no amulet)
Stlth   +            l - ring of magical power
HPRegen 0.27/turn    (no ring)
MPRegen 0.16/turn

%: no passive effects
@: no status effects
A: icy blue scales 1, demonic touch 1
a: no special abilities


You were on level 5 of the Dungeon.
You visited 1 branch of the dungeon, and saw 5 of its levels.

You collected 229 gold pieces.

Inventory:

Hand Weapons
 r - a +1 short sword of electrocution (weapon)
Missiles
 d - 8 poisoned darts (quivered)
 k - 7 boomerangs of dispersal
Armour
 a - a +0 ring mail (worn)
 b - a +0 leather armour
Jewellery
 l - a ring of magical power (left hand)
Scrolls
 c - a scroll of blinking
 g - a scroll of teleportation {unknown}
 h - a scroll of fear
 j - 2 scrolls of amnesia {unknown}
 n - 2 scrolls of enchant armour
 s - a scroll of brand weapon
 t - a scroll of immolation {unknown}
 u - 4 scrolls of vulnerability {unknown}
Potions
 e - a potion of lignification
 f - a potion of haste
 i - 2 potions of curing {unknown}
 m - a potion of mutation
 o - 2 potions of flight
 p - a potion of cancellation {unknown}
 q - a potion of brilliance
 v - a potion of heal wounds {unknown}


   Skills:
 + Level 3.1 Fighting
 + Level 1.4(2.4) Short Blades
 - Level 3.0(3.2) Long Blades
 + Level 1.2 Throwing
 * Level 3.6 Armour
 + Level 2.8 Dodging
 + Level 1.8 Stealth
 - Level 1.0 Unarmed Combat
 - Level 2.0 Spellcasting
 + Level 2.8 Translocations


You had 7 spell levels left.
You knew the following spells:

 Your Spells              Type           Power      Damage    Failure   Level
a - Blink                 Tloc           18%        N/A       24%         2

Your spell library contained the following spells:

 Spells                   Type           Power      Damage    Failure   Level
 Lesser Beckoning         Tloc           18%        N/A       24%         2
 Teleport Other           Tloc           9%         N/A       43%         3
 Vhi's Electric Charge    Tloc/Air       10%        N/A       65%         3
 Frozen Ramparts          Ice            2%         1d1       83%         3
 Manifold Assault         Tloc           9%         N/A       85%         4
 Ice Form                 Ice/Tmut       1%         N/A       99%         4
 Summon Ice Beast         Ice/Summ       1%         N/A       99%         4


Dungeon Overview and Level Annotations

Branches:
Dungeon (5/15)
 Temple: D:4-7

Altars:
Kikubaaqudgha


Innate Abilities, Weirdness & Mutations

You are partially covered in icy blue scales. (AC +2)
Your touch may inflict minor irresistible damage on your foes.


Message History

Found an ancient bone altar of Kikubaaqudgha.
You feel stable enough to blink again.
The centaur shouts!
The centaur wields a +0 shortbow.
The centaur shoots an arrow.
The arrow hits you but does no damage. The hound bites you but does no damage.
You hit the hound. Lightning courses through the hound!
You kill the hound!
The centaur shoots an arrow.
The arrow closely misses you.
A quokka comes into view.
A phantom comes into view.
The centaur shoots an arrow.
The arrow barely misses you.
Found a scroll of identify.
The centaur shoots an arrow.
The arrow hits you!
The dart slug briefly extends its eye-stalks.
The phantom attacks as you move away! The phantom hits you.
The centaur shoots an arrow.
The arrow hits you but does no damage.
There is a stone staircase leading up here.
The phantom hits you.
The phantom blinks!
You blink.
You stop ascending the stairs.
The quokka bites you but does no damage.
The orc wizard mumbles some strange words.
The orc wizard flickers and vanishes!
Unknown command.
Casting: Blink (dangerous; 24% risk of failure)
Confirm with . or Enter, or press ? or * to list all spells.
You blink.
Found 2 scrolls labelled YNIONE DIUFAI.
The centaur shoots an arrow.
The arrow misses you.
The centaur shoots an arrow.
The arrow hits you.
The centaur shoots an arrow.
The arrow hits you. The quokka attacks as you move away! The quokka bites you.
The centaur shoots an arrow.
The arrow hits you.
The centaur shoots an arrow.
The arrow misses you.
You feel stable enough to blink again. The quokka bites you.
The centaur shoots an arrow.
The arrow hits you!
* * * LOW HITPOINT WARNING * * *
The dart slug launches a dart at you.
The slug dart hits you but does no damage.
The centaur shoots an arrow.
The arrow hits you!
You die...

#.....................##.......#
...............w<....##.......##
.........#.......#.............#
........##..W....##...#........##
............o#c.####..#.........#
.............##..##...#####....##
...........W.##.###. ..####..###
...>.........o..#.#.....#....##
...>..........?r@.............#
............##.#....##.......##
........?... ####....#........#
.##........# .............#
..#...#.... ......##.....##
......#.... ## ........#..##..#
............#.. .............##
.##...#......... #............#
.##..........#..##.#.#........#


You could see a phantom, a centaur, a dart slug, an orc and a quokka.

Vanquished Creatures
  An ogre (D:5)
  2 scorpions
  A jelly (D:5)
  2 hounds
  Terence (D:2)
  2 adders
  3 gnolls (D:4)
  2 dart slugs
  A worm (D:3)
  15 orcs
  2 ball pythons
  4 endoplasms
  A giant cockroach (D:1)
  6 goblins
  7 hobgoblins
  A quokka (D:2)
  8 bats
  3 frilled lizards
  3 kobolds
  4 rats
69 creatures vanquished.

Notes
Turn   | Place    | Note
-------+----------+-------------------------------------------
     0 | D:1      | monsoonserge the Demonspawn Warper began the quest for the
                  | Orb.
     0 | D:1      | Reached XP level 1. HP: 16/16 MP: 3/3
    20 | D:1      | Reached skill level 1 in Armour
   136 | D:1      | Reached skill level 1 in Throwing
   281 | D:1      | Gained mutation: Your touch may inflict minor irresistible
                  | damage on your foes. [demonic ancestry]
   281 | D:1      | Reached XP level 2. HP: 20/22 MP: 5/5
   904 | D:2      | Noticed Terence
   912 | D:1      | Gained mutation: You are partially covered in icy blue
                  | scales. (AC +2) [demonic ancestry]
   912 | D:1      | Reached XP level 3. HP: 25/27 MP: 6/6
   923 | D:2      | Killed Terence
   924 | D:2      | Reached skill level 1 in Unarmed Combat
   999 | D:2      | Found a faded altar of an unknown god.
  1097 | D:2      | Reached XP level 4. HP: 34/34 MP: 7/7
  1360 | D:3      | Noticed a scorpion
  1485 | D:3      | Killed a scorpion
  1582 | D:3      | Reached XP level 5. HP: 34/39 MP: 8/8
  1941 | D:3      | Learned a level 2 spell: Blink
  2271 | D:4      | Reached skill level 1 in Stealth
  2326 | D:4      | Noticed an ice beast
  2387 | D:5      | Entered Level 5 of the Dungeon
  2392 | D:5      | Noticed an ogre
  2396 | D:5      | Killed an ogre
  2397 | D:5      | Reached XP level 6. HP: 46/46 MP: 9/9
  2488 | D:5      | Reached skill level 1 in Short Blades
  2593 | D:5      | Found an ancient bone altar of Kikubaaqudgha.
  2617 | D:5      | Shot with an arrow by a centaur

Illustrated notes

Levels and vault maps discovered:
D:1:      amcnicky_arrival_wind_blow, layout_basic, chequers_jeans
D:2:      layout_rooms, ebering_ecumenical_altar_mist, amethyst_killhole,
          uniq_terence
D:3:      layout_loops_cross, lemuel_flame_loot_1
D:4:      layout_basic, nicolae_uskayaw_en_pointe, roderic_lattice_a,
          nicolae_figureground_sparkle
D:5:      layout_cave_pools, mainiacjoe_overflow_paths, temple_fountains

Skill      XL: |  1  2  3  4  5  6 |
---------------+-------------------+-----
Armour         | 1 2 3 |  3.6
Throwing       | 1 |  1.2
Dodging        | 2 |  2.8
Long Blades    | 2 3 |  3.0
Unarmed Combat | 1 |  1.0
Stealth        | 1 |  1.8
Fighting       | 3 |  3.1
Short Blades   | 1 |  1.4
Spellcasting   | |  2.0
Translocations | |  2.8

Action                     |  1- 3 |  4- 6 || total
---------------------------+-------+-------++-------
  Melee: Falchion          |    96 |    41 ||   137
         Touch             |    14 |    21 ||    35
         Short sword       |       |    49 ||    49
         Punch             |       |     1 ||     1
  Throw: Dart              |       |     6 ||     6
   Cast: Blink             |       |     2 ||     2
    Use: Scroll            |       |     8 ||     8
   Stab: Sleeping          |       |     2 ||     2
 Armour: Leather armour    |    33 |    13 ||    46
         Ring mail         |       |    21 ||    21
  Dodge: Dodged            |    78 |    41 ||   119
